 Dungeon Crawl Stone Soup version 0.20-a0-823-gdec668e (webtiles) character file.

273 Amciq the Ruffian (level 6, 0/61 HPs)
             Began as a Troll Berserker on Mar 5, 2017.
             Was a Believer of Trog.
             Slain by Caerwyn's ghost (4 damage)
             ... on level 3 of the Dungeon.
             The game lasted 00:05:15 (1363 turns).

Amciq the Ruffian (Troll Berserker)                 Turns: 1363, Time: 00:05:16

Health: 0/61       AC:  5    Str: 33    XL:     6   Next: 2%
Magic:  5/5        EV: 10    Int:  3    God:    Trog [**....]
Gold:   167        SH:  0    Dex:  9    Spells: 5/5 levels left

rFire    . . .     SeeInvis .     - Unarmed
rCold    . . .     Gourm    +   a - +0 animal skin
rNeg     . . .     Faith    .   (no shield)
rPois    .         Spirit   .   (helmet restricted)
rElec    .         Reflect  .   (no cloak)
rCorr    .         Harm     .   (gloves unavailable)
MR       .....                  (boots unavailable)
Stlth    +.........             (no amulet)
Regen    0.6/turn               (no ring)
MPRegen  0.1/turn               (no ring)

@: mighty, exhausted, slowed, very slow
A: unfitting armour, claws 3, fast metabolism 3, gourmand, regeneration 1,
shaggy fur 1, tough skin 2
a: Berserk, Trog's Hand, Burn Spellbooks, Renounce Religion


You were on level 3 of the Dungeon.
You worshipped Trog.
Trog was pleased with you.
You were completely stuffed.

You visited 1 branch of the dungeon, and saw 3 of its levels.

You collected 167 gold pieces.

Inventory:

Missiles
 n - 20 stones (quivered)
Armour
 a - a +0 animal skin (worn)
Wands
 q - a wand of scattershot (6/9)
Scrolls
 d - a scroll of identify {unknown}
 e - a scroll of enchant weapon {unknown}
 h - 3 scrolls of enchant armour {unknown}
 k - 2 scrolls of remove curse {unknown}
 p - 3 scrolls of amnesia {unknown}
 s - a scroll of blinking {unknown}
Potions
 i - a potion of might
 j - a potion of ambrosia {unknown}
 l - a potion of haste {unknown}
 o - a potion of curing {unknown}
 r - a potion of lignification {unknown}
Comestibles
 b - 3 bread rations
 f - 2 royal jellies
 m - 4 chunks of flesh


   Skills:
 + Level 3.4 Fighting
 + Level 2.3 Throwing
 + Level 1.4 Armour
 + Level 3.2 Dodging
 + Level 4.1 Unarmed Combat


You had 5 spell levels left.
You didn't know any spells.

Dungeon Overview and Level Annotations

Branches:
Dungeon (3/15)

Altars:
Xom

Annotations:
D:3 Caerwyn's ghost, weakling SpTm


Innate Abilities, Weirdness & Mutations

You are too large for most types of armour.
You have claws for hands.
Your metabolism is lightning-fast.
You like to eat raw meat.
Your natural rate of healing is unusually fast.
You are covered in fur. (AC +1)
You have very tough skin. (AC +2)


Message History

Caerwyn's ghost is heavily damaged.
Caerwyn's ghost hits you.
* * * LOW HITPOINT WARNING * * *
Okay, then.
You closely miss Caerwyn's ghost.
Caerwyn's ghost is heavily damaged.
Caerwyn's ghost hits you.
* * * LOW HITPOINT WARNING * * *
Caerwyn's ghost hits you.
* * * LOW HITPOINT WARNING * * *
You completely miss Caerwyn's ghost.
Caerwyn's ghost is heavily damaged.
Caerwyn's ghost hits you.
* * * LOW HITPOINT WARNING * * *
You completely miss Caerwyn's ghost.
Caerwyn's ghost is heavily damaged.
Caerwyn's ghost hits you.
* * * LOW HITPOINT WARNING * * *
Caerwyn's ghost hits you.
You die...

#...# #.#
#...# #.#
##.## #.# ##
#.# ## #.# ..
#.# .. #.# .#
#####.####..#
#......@W...#
#############


You could see Caerwyn's ghost.

Vanquished Creatures
  Sigmund (D:2)
  Natasha (thrice) (D:2)
  An adder skeleton (D:3)
  A worm (D:2)
  A dart slug (D:1)
  A ball python (D:1)
  4 giant cockroaches
  7 goblins
  5 hobgoblins
  4 jackals (D:3)
  5 kobolds
  2 quokkas (D:2)
  2 bats (D:1)
  A frilled lizard (D:1)
  2 rats
40 creatures vanquished.

Notes
Turn   | Place    | Note
-------+----------+-------------------------------------------
     0 | D:1      | Amciq the Troll Berserker began the quest for the Orb.
     0 | D:1      | Reached XP level 1. HP: 22/22 MP: 0/0
   137 | D:1      | Reached XP level 2. HP: 29/29 MP: 1/1
   402 | D:1      | Reached skill level 1 in Throwing
   627 | D:2      | Reached XP level 3. HP: 35/36 MP: 2/2
   648 | D:2      | Found a faded altar of an unknown god.
   671 | D:2      | Noticed Natasha
   679 | D:2      | Killed Natasha
   698 | D:2      | Reached ** piety under Trog
   821 | D:2      | Noticed Sigmund
   854 | D:2      | Killed Sigmund
   854 | D:2      | Reached skill level 1 in Armour
   854 | D:2      | Reached XP level 4. HP: 8/45 MP: 3/3
   854 | D:2      | Reached XP level 5. HP: 9/53 MP: 4/4
   944 | D:2      | Noticed Natasha
   955 | D:2      | Killed Natasha
  1043 | D:2      | Noticed Natasha
  1047 | D:2      | Killed Natasha
  1047 | D:2      | Reached skill level 4 in Unarmed Combat
  1100 | D:2      | Found a shimmering altar of Xom.
  1247 | D:3      | Reached XP level 6. HP: 57/61 MP: 5/5
  1337 | D:3      | Noticed Caerwyn's ghost (weakling SpTm)
  1363 | D:3      | Slain by Caerwyn's ghost

Vault maps used:
D:1:      saegor_arrival_miasma, serial_glass, glass_columns_b, glass_columns_b,
          minmay_misc_feat_square, minmay_tromino_i2
D:2:      tgw_xom, chequers_ecumenical_altar_simple, uniq_sigmund, uniq_natasha
D:3:      led_sif_pool, nicolae_ru_the_path_less_chosen

Skill      XL: |  1  2  3  4  5 |
---------------+----------------+-----
Throwing       | 1 2 |  2.3
Fighting       | 3 |  3.4
Armour         | 1 |  1.4
Dodging        | 3 |  3.2
Unarmed Combat | 4 |  4.1

Action                   |  1- 3 |  4- 6 || total
-------------------------+-------+-------++-------
Melee: Unarmed           |   121 |    46 ||   167
Invok: Berserk           |     2 |     3 ||     5
  Use: Potion            |       |     3 ||     3
  Eat: Chunk             |    14 |     9 ||    23
Armor: Animal skin       |    55 |    10 ||    65
Dodge: Dodged            |    63 |    20 ||    83
